 Dungeon Crawl Stone Soup version 0.31-a0-774-g0d66cbabe8 (webtiles) character file.

Game seed: 7665563983100177841

5 cforsyth the Sneak (level 1, 0/20 HPs)
             Began as a Djinni Delver on Sept 18, 2023.
             Splashed by a jelly's acid (4 damage)
             ... on level 5 of the Dungeon.
             The game lasted 00:00:46 (184 turns).

cforsyth the Sneak (Djinni Delver)                   Turns: 184, Time: 00:00:47

Health: 0/20       AC:  4    Str: 11    XL:     1   Next: 88%
Gold:   15         EV: 12    Int: 11    God:
                   SH:  0    Dex: 14

rFire   + + .        a - +0 falchion
rCold   x . .        (no shield)
rNeg    . . .        b - +0 leather armour
rPois   ∞            h - +0 helmet
rElec   .            (no cloak)
rCorr   .            (no gloves)
SInv    .            (boots unavailable)
Will    .....        (no amulet)
Stlth   ++           (no ring)
HPRegen 0.23/turn    (no ring)
MPRegen 0.00/turn

%: infuse magic (-1 HP)
@: flying
A: sickness immunity, fire resistance 2, cold vulnerability 1, float, innate
caster, HP casting, extra vitality 1
a: no special abilities


You were on level 5 of the Dungeon.
You visited 1 branch of the dungeon, and saw 1 of its levels.

You collected 15 gold pieces.

Inventory:

Hand Weapons
 a - a +0 falchion (weapon)
Armour
 b - a +0 leather armour (worn)
 h - a +0 helmet (worn)
Wands
 g - a wand of digging (3)
Scrolls
 c - a scroll of fog
 d - a scroll of revelation
 e - a scroll of fear
 i - a scroll of teleportation {unknown}
Potions
 f - a potion of haste


   Skills:
 + Level 3.1 Fighting
 - Level 1.7 Long Blades
 - Level 2.1 Dodging
 - Level 4.1 Stealth
 + Level 0.4 Spellcasting
 + Level 0.4 Conjurations
 + Level 0.4 Hexes
   Level 0.0 Charms
 + Level 0.4 Summonings
 + Level 0.4 Necromancy
 + Level 0.4 Translocations
 + Level 0.4 Transmutations
 + Level 0.4 Fire Magic
 + Level 0.4 Ice Magic
 + Level 0.4 Air Magic
 + Level 0.4 Earth Magic
 + Level 0.4 Poison Magic You didn't know any spells. Your spell library was empty.

Dungeon Overview and Level Annotations

Branches:
Dungeon (5/15)
 Temple: D:4-7

Altars:
Okawaru


Innate Abilities, Weirdness & Mutations

You are immune to sickness and miasma.
You are immune to poison.
Your flesh is very heat resistant. (rF++)
You are vulnerable to cold. (rC-)
You float through the air rather than walking.
You learn spells naturally, not from books.
Your magical power is your life essence.
You have superior vitality. (+4 MHP)


Message History

The worm misses you.
You hit the worm. You punch the worm, but do no damage.
The worm is heavily wounded.
The worm bites you but does no damage.
You barely miss the worm.
The worm is heavily wounded.
You hit the worm but do no damage.
The worm is heavily wounded.
The worm barely misses you.
You hit the worm but do no damage.
The worm is heavily wounded.
The worm closely misses you.
You completely miss the worm.
The worm is moderately wounded.
You hit the worm.
The worm is severely wounded.
The worm misses you.
You slash the worm!
You kill the worm!
No target in view!
No target in view!
No target in view!
No target in view!
No target in view!
No target in view!
HP restored.
Found 10 gold pieces and 7 stones.
Found 12 gold pieces.
A jelly comes into view.
A jelly is nearby!
The jelly quivers.
You hit the jelly.
Your hands burn!
The jelly is moderately wounded.
The jelly hits you but does no damage.
You slash the jelly!
Your hands burn!
The jelly is almost dead.
The jelly hits you.
You are splashed with acid!
* * * LOW HITPOINT WARNING * * *
You hit the jelly but do no damage.
Your hands burn!
You die...

..#...#.#.
#.###.#.#.###...##
#)..#.#.#.#......##
#._........._.....#
#...#.#.#.#.......## #.
#.###.#.#.###......##...
..#...#.#†..#.#.........
..#.###.###.#...........
................@J..$$..
..########.###.........#
#..........# #.#####..##
###........###.# ...
#..........#.(# .
#..........#..#
#.............#
#..............#
#######.?......#


You could see a jelly.

Vanquished Creatures
  A worm (D:5)
  An orc (D:5)
2 creatures vanquished.

Notes
Turn   | Place    | Note
-------+----------+-------------------------------------------
     0 | D:5      | cforsyth the Djinni Delver began the quest for the Orb.
     0 | D:5      | Reached XP level 1. HP: 20/20 MP: 0/0
     1 | D:5      | Found an iron altar of Okawaru.
    86 | D:5      | Noticed an iguana
   172 | D:5      | Noticed a jelly
   184 | D:5      | Splashed by a jelly's acid

Illustrated notes

Levels and vault maps discovered:
D:5:      layout_cave_pods, xom_confusion_cloud, led_sif_pool,
          mainiacjoe_overflow_large_starburst, dilly_guarded_unrand_devastator

Action                     || total
---------------------------++-------
  Melee: Falchion          ||    21
         Punch             ||     1
 Armour: Leather armour    ||    10
  Dodge: Dodged            ||     8

Table legend: (Time is in decaauts)
 A = Elapsed time spent in this place.
 B = Non-inter-level travel time spent in this place.
 C = Inter-level travel time spent in this place.
 D = Time resting spent in this place.
 E = Time spent auto-exploring this place.
 F = Levels seen in this place.
 G = Mean time per level.
                   A        B        C        D        E       F      G
               +--------+--------+--------+--------+--------+-----+--------+
         Total |    188 |    188 |      0 |      0 |     95 |   1 |  188.0 |
       Dungeon |    188 |    188 |      0 |      0 |     95 |   1 |  188.0 |
               +--------+--------+--------+--------+--------+-----+--------+

Top non-repeatable levels by time:
     D:5: 188 daAuts
